 Dungeon Crawl Stone Soup version 0.29.1-13-g9f3cf754e1 (webtiles) character file.

Game seed: 17318237202265171414

43 nightchill the Trooper (level 3, 33/33 HPs)
             Began as a Minotaur Fighter on Feb 9, 2023.
             Got out of the dungeon alive.
             The game lasted 00:01:34 (1084 turns).

nightchill the Trooper (Minotaur Fighter)           Turns: 1084, Time: 00:01:35

Health: 33/33      AC:  6    Str: 22    XL:     3   Next: 37%
Magic:  2/2        EV:  9    Int:  5    God:
Gold:   49         SH:  4    Dex:  9    Spells: 2/2 levels left

rFire   . . .      SeeInvis .   a - +0 war axe
rCold   . . .      Faith    .   c - +0 buckler
rNeg    . . .      Spirit   .   b - +0 scale mail
rPois   .          Reflect  .   (helmet restricted)
rElec   .          Harm     .   (no cloak)
rCorr   .          Rampage  .   (no gloves)
Will    .....                   (no boots)
Stlth   ..........              (no amulet)
HPRegen 0.11/turn               (no ring)
MPRegen 0.08/turn               (no ring)

@: no status effects
A: horns 2, retaliatory headbutt
a: no special abilities


You escaped.
You visited 1 branch of the dungeon, and saw 2 of its levels.

You collected 49 gold pieces.

Inventory:

Hand Weapons
 a - a +0 war axe (weapon)
Armour
 b - a +0 scale mail (worn)
 c - a +0 buckler (worn)
 h - an orb of wrath
Scrolls
 e - a scroll of teleportation {unknown}
 f - 3 scrolls of identify {unknown}
 g - a scroll of enchant weapon {unknown}
 i - 2 scrolls of amnesia {unknown}
 j - a scroll of fear {unknown}
 l - a scroll of poison {unknown}
Potions
 d - a potion of might
 k - a potion of heal wounds {unknown}
 m - a potion of attraction {unknown}


   Skills:
 + Level 4.2 Fighting
 * Level 4.1 Axes
 - Level 3.6 Armour
 - Level 3.6 Shields


You had 2 spell levels left.
You didn't know any spells.
Your spell library was empty.

Dungeon Overview and Level Annotations

Branches:
Dungeon (2/15)

Altars:


Innate Abilities, Weirdness & Mutations

You have a pair of horns on your head.
You reflexively headbutt those who attack you in melee.


Message History

No target in view!
HP restored.
Things that are here:
a +0 dagger; a kobold corpse An endoplasm comes into view.
The endoplasm quivers.
An endoplasm is nearby!
An endoplasm is nearby!
You hit the endoplasm. Your headbutt misses the endoplasm.
The endoplasm is moderately wounded.
The endoplasm freezes you.
You are frozen.
You barely miss the endoplasm.
The endoplasm is moderately wounded.
The endoplasm hits you but does no damage.
The endoplasm freezes you.
You are frozen.
You slash the endoplasm!
You kill the endoplasm!
No target in view!
Things that are here:
a +0 dagger; a kobold corpse
Things that are here:
3 stones; a +0 club
There is a stone staircase leading up here.
Unknown command.
(D) Dungeon
Where to? (Enter - D:2 @ (x,y), ? - help)
You climb upwards.
There is a stone staircase leading down here.
(D) Dungeon
Where to? (Enter - D:1, ? - help)
Okay, then.
You open the door.
There is an open door here.
HP restored.
There is an open door here.
There is a staircase leading out of the dungeon here.
Are you sure you want to leave the Dungeon?
This will make you lose the game!
You have escaped!

.# ####.########.#####.#...†. ##
#.................#.###.##
#.#######'#######.#.......
#.#.............#.#####.##
#.#.###########.#.# #.##
#.#.#.........#.#.# #...
#.#.#.#######.#.#.#####...
###.#.#.#.....#.#.#.#.......
######...#...#..@..#...#...####..
#....).#.#.#.#.....#.#.#.#.# #..
#......#.#.#.###.###.#.#.#.# #..
'......#.#.#.........#.#.#.# #..
#......#.#.###########.#.#÷####..
#......#.#.............#.#.......
#......#.#######'#######.########
#......#.................#
#......#####.########.####


There were no monsters in sight!

Vanquished Creatures
  An adder (D:2)
  3 bats (D:1)
  4 endoplasms
  A giant cockroach (D:1)
  5 goblins (D:1)
  5 hobgoblins (D:1)
  2 quokkas (D:1)
  3 ball pythons (D:1)
  A frilled lizard (D:1)
  2 kobolds (D:2)
  3 rats (D:1)
30 creatures vanquished.

Notes
Turn   | Place    | Note
-------+----------+-------------------------------------------
     0 | D:1      | nightchill the Minotaur Fighter began the quest for the
                  | Orb.
     0 | D:1      | Reached XP level 1. HP: 19/19 MP: 0/0
   359 | D:1      | Reached XP level 2. HP: 27/27 MP: 1/1
   732 | D:1      | Reached XP level 3. HP: 33/33 MP: 2/2
  1084 | D:$      | Got out of the dungeon alive.

Illustrated notes

Levels and vault maps discovered:
D:1:      matt_arrival_refuge, layout_basic
D:2:      layout_basic, minmay_vboxes, uniq_sigmund, uniq_jessica

Skill      XL: |  1  2  3 |
---------------+----------+-----
Axes           | 3 4 |  4.1
Fighting       | 4 |  4.2
Armour         | |  3.6
Shields        | |  3.6

Action                   || total
-------------------------++-------
Melee: War axe           ||    61
       Headbutt          ||     8
Armor: Scale mail        ||    28
Dodge: Dodged            ||    26
Block: Buckler           ||    10
